 Dungeon Crawl Stone Soup version 0.26.0-10-g1f06aea511 (webtiles) character file.

Game seed: 16378852608864972666

2 Goblin1989 the Sneak (level 1, 0/18 HPs)
             Began as a Demonspawn Delver on Jan 27, 2021.
             Killed by nerve-wracking pain
             ... invoked by an orc priest
              (10 damage)
             ... on level 5 of the Dungeon.
             The game lasted 00:01:03 (76 turns).

Goblin1989 the Sneak (Demonspawn Delver)              Turns: 76, Time: 00:01:03

Health: 0/18       AC:  3    Str: 12    XL:     1   Next: 25%
Magic:  1/1        EV: 12    Int: 11    God:
Gold:   0          SH:  0    Dex: 14    Spells: 0/0 levels left

rFire    . . .     SeeInvis .   a - +0 short sword
rCold    . . .     Faith    .   (no shield)
rNeg     . . .     Spirit   .   b - +0 leather armour
rPois    .         Reflect  .   (no helmet)
rElec    .         Harm     .   (no cloak)
rCorr    .         Rampage  .   (no gloves)
Will     .....                  (no boots)
Stlth    ++........             (no amulet)
HPRegen  0.06/turn              (no ring)
MPRegen  0.07/turn              (no ring)

@: no status effects
A: no striking features
a: no special abilities


You were on level 5 of the Dungeon.
You visited 1 branch of the dungeon, and saw 1 of its levels.

Inventory:

Hand Weapons
 a - a +0 short sword (weapon)
Armour
 b - a +0 leather armour (worn)
Wands
 g - a wand of digging (3) {@v1}
Scrolls
 c - a scroll of fog
 e - a scroll of fear
 M - a scroll of magic mapping
Potions
 f - a potion of haste {@q3,}


   Skills:
 - Level 3.0 Fighting
 + Level 2.0 Short Blades
 - Level 1.7 Dodging
 - Level 4.5 Stealth


You couldn't memorise any spells.
You didn't know any spells.
Your spell library was empty.

Dungeon Overview and Level Annotations

Branches:
Dungeon (5/15)
 Temple: D:4-7

Altars:
Qazlal


Message History

You become a demigod!
Welcome, Goblin1989 the Demonspawn Delver.
Will you prevail where others failed? Will you find the Orb of Zot?
Press ? for a list of commands and other information.
Found a stone staircase leading down.
Found 10 bolts.
You open the door.
Found a stormy altar of Qazlal.
Found an escape hatch in the floor.
There is an open door here.
There is an open door here.
Why would you want to do that?
There is an open door here.
Why would you want to do that?
You become a kobold demonologist!
Unknown command.
Why would you want to do that?
There is an open door here.
Why would you want to do that?
You become a moth of wrath!
You become an elephant!
You become Gastronok!
You become a lost soul!
You become Joseph!
You become a rust devil!
You become Dissolution!
You become a vampire mosquito!
You become Erica!
You become a deep elf demonologist!
You become an elemental wellspring!
You become a ghoul!
You become a test spawner!
You become a hell beast!
You become a pillar of salt!
An orc comes into view. It is wielding a +0 trident.
The orc shouts!
An orc comes into view. It is wielding a +0 club.
Unknown command.
An orc priest and an orc wizard come into view.
The orc wizard is wielding a +2 dagger of venom.
The orc wizard shouts!
The orc priest shouts!
Unknown command.
The orc shouts!
You start waiting.
An orc is nearby!
An orc is nearby!
You closely miss the orc. The orc hits you with a +0 club.
You take 4 damage, and have 14/18 hp.
MASSIVE DAMAGE!!
You hit the orc.
The orc is heavily wounded.
The orc barely misses you.
You hit the orc.
The orc is severely wounded.
The orc barely misses you.
The orc priest looks braver for a moment.
You barely miss the orc.
The orc is severely wounded.
The orc hits you but does no damage.
You barely miss the orc.
The orc is severely wounded.
You hit the orc.
You kill the orc!
Your Short Blades skill increases to level 2!
You hit the orc priest.
The orc priest is moderately wounded.
The orc priest hits you with a +0 falchion.
You take 4 damage, and have 10/18 hp.
MASSIVE DAMAGE!!
You hit the orc priest.
The orc priest is heavily wounded.
The orc priest invokes the aid of Beogh against you.
Pain shoots through your body!
Ouch! That really hurt!
You die...

█....██ █.████
█.█ █.█ █.█
████.█ █....█
█.█████████.█████
█.....oo@.......█
█████.█████.███.█
█.█ █...
████████.███


█████ █...o......█ █.o██.████.█ .o.. █.█ .█ █..o ..█ █ ..█ .███ You could see an
orc priest and an orc wizard.

Vanquished Creatures
  An orc (D:5)
1 creature vanquished.

Notes
Turn   | Place    | Note
-------+----------+-------------------------------------------
     0 | D:5      | Goblin1989 the Demonspawn Delver began the quest for the
                  | Orb.
     0 | D:5      | Reached XP level 1. HP: 18/18 MP: 1/1
    10 | D:5      | Found a stormy altar of Qazlal.
    54 | D:5      | Noticed an orc wizard
    54 | D:5      | Noticed an orc priest
    76 | D:5      | Killed from afar by an orc priest

Illustrated notes

Levels and vault maps discovered:
D:5:      minmay_thinvault, layout_basic, general_overflow_altar,
          fedhas_bush_and_centaur_altar, lemuel_blue_sif_altar,
          minmay_temple_entry_ruins

Skill      XL: |  1 |
---------------+----+-----
Short Blades   | 2 |  2.0
Fighting       | |  3.0
Dodging        | |  1.7
Stealth        | |  4.5

Action                   || total
-------------------------++-------
Melee: Short sword       ||     8
Armor: Leather armour    ||     1
Dodge: Dodged            ||     2
